 Dungeon Crawl Stone Soup version 0.20-a0-899-g09a9bfb (webtiles) character file.

306 Fabin the Shield-Bearer (level 6, 0/61 HPs)
             Began as a Troll Fighter on Mar 18, 2017.
             Was an Initiate of Elyvilon.
             Slain by an ogre
             ... wielding a +0 giant club
              (24 damage)
             ... on level 4 of the Dungeon.
             The game lasted 00:20:51 (3034 turns).

Fabin the Shield-Bearer (Troll Fighter)             Turns: 3034, Time: 00:20:52

Health: 0/61       AC:  5    Str: 32    XL:     6   Next: 16%
Magic:  5/5        EV:  9    Int:  4    God:    Elyvilon [......]
Gold:   117        SH: 10    Dex:  9    Spells: 5/5 levels left

rFire    . . .     SeeInvis .   i - +3 dagger
rCold    . . .     Gourm    +   a - +0 robe
rNeg     . . .     Faith    .   b - +0 shield
rPois    .         Spirit   .   (helmet restricted)
rElec    .         Reflect  .   (no cloak)
rCorr    .         Harm     .   (gloves unavailable)
MR       .....                  (boots unavailable)
Stlth    +.........             (no amulet)
Regen    0.6/turn               (no ring)
MPRegen  0.1/turn               (no ring)

@: mighty, lethally poisoned (0 -> 0)
A: unfitting armour, claws 3, fast metabolism 3, gourmand, regeneration 1,
shaggy fur 1, tough skin 2
a: Renounce Religion


You were on level 4 of the Dungeon.
You worshipped Elyvilon.
Elyvilon was noncommittal.
You were very full.

You visited 1 branch of the dungeon, and saw 4 of its levels.

You collected 117 gold pieces.

Inventory:

Hand Weapons
 i - a +3 dagger (weapon)
Armour
 a - a +0 robe (worn)
 b - a +0 shield (worn)
 f - a +0 ring mail
Jewellery
 t - a cursed -6 ring of strength {unknown}
Wands
 v - a wand of random effects (34/48)
Scrolls
 h - 6 scrolls of identify {unknown}
 n - 2 scrolls of amnesia {unknown}
 p - 4 scrolls of remove curse {unknown}
 s - a scroll of blinking {unknown}
 u - a scroll of noise {unknown}
 x - a scroll of enchant armour {unknown}
 y - a scroll of immolation {unknown}
 A - a scroll of magic mapping {unknown}
Potions
 e - 2 potions of cancellation {unknown}
 g - 2 potions of heal wounds {unknown}
 j - a potion of berserk rage {unknown}
 k - 2 potions of flight {unknown}
 l - 3 potions of curing {unknown}
 m - a potion of resistance {unknown}
 o - a potion of lignification {unknown}
 q - 3 potions of degeneration {unknown}
 r - 2 potions of haste {unknown}
 B - a potion of brilliance {unknown}
Comestibles
 d - 3 bread rations
 w - 3 fruits
 z - 2 royal jellies


   Skills:
 + Level 3.1 Fighting
 + Level 2.5 Short Blades
 + Level 3.3 Dodging
 + Level 3.8 Shields
 + Level 2.2 Unarmed Combat


You had 5 spell levels left.
You didn't know any spells.

Dungeon Overview and Level Annotations

Branches:
Dungeon (4/15)             Temple (0/1) D:4

Altars:
Elyvilon
Fedhas
Hepliaklqana
Kikubaaqudgha
Okawaru
Sif Muna
Vehumet
Xom


Innate Abilities, Weirdness & Mutations

You are too large for most types of armour.
You have claws for hands.
Your metabolism is lightning-fast.
You like to eat raw meat.
Your natural rate of healing is unusually fast.
You are covered in fur. (AC +1)
You have very tough skin. (AC +2)


Message History

You hit the ogre but do no damage.
The ogre is moderately wounded.
The ogre hits you with a giant club!
You feel sick.
You hit the ogre.
The ogre is moderately wounded.
You block the ogre's attack.
You hit the ogre.
The ogre is heavily wounded.
You block the ogre's attack. The giant cockroach bites you.
You barely miss the ogre.
The ogre is heavily wounded.
The giant cockroach bites you but does no damage.
You completely miss the ogre.
The ogre is heavily wounded.
You feel sick. You block the ogre's attack.
You block the giant cockroach's attack.
You feel very mighty all of a sudden. The giant cockroach bites you.
The ogre hits you with a giant club!!
You die...

..#.#..........###
#+.#.............
..#...........####
#
#........♣.♣#♣.♣.♣
♣♣♣♣...(.........
♣♣....♣.♣.♣.♣
♣..........
♣♣...♣s♣.♣.♣.♣
♣♣..@O.......
♣.......♣.♣.♣.♣.♣
♣P.P♣♣....%... ♣♣♣
♣...♣#♣#♣#♣ ......
.......# +#+####..
+#


You could see an ogre and a giant cockroach.

Vanquished Creatures
  3 hounds (D:4)
  3 worker ants (D:4)
  8 adders
  3 oozes (D:1)
  A worm (D:4)
  3 dart slugs
  2 leopard geckos
  A ball python (D:3)
  A giant cockroach (D:1)
  2 goblins
  7 hobgoblins
  4 jackals (D:2)
  7 bats
  A frilled lizard (D:1)
  6 kobolds
  A quokka skeleton (D:4)
  4 rats
  10 plants (D:3)
67 creatures vanquished.

Notes
Turn   | Place    | Note
-------+----------+-------------------------------------------
     0 | D:1      | Fabin the Troll Fighter began the quest for the Orb.
     0 | D:1      | Reached XP level 1. HP: 22/22 MP: 0/0
   139 | D:1      | Reached XP level 2. HP: 24/29 MP: 1/1
   453 | D:1      | Reached XP level 3. HP: 36/36 MP: 2/2
  1111 | D:2      | Reached skill level 1 in Short Blades
  1116 | D:2      | Reached XP level 4. HP: 44/44 MP: 3/3
  1449 | D:3      | Found a hazy altar of Hepliaklqana.
  1453 | D:3      | Found a radiant altar of Vehumet.
  1453 | D:3      | Found a shimmering altar of Xom.
  1461 | D:3      | Found an iron altar of Okawaru.
  1461 | D:3      | Found an ancient bone altar of Kikubaaqudgha.
  1463 | D:3      | Found a deep blue altar of Sif Muna.
  1463 | D:3      | Found a white marble altar of Elyvilon.
  1464 | D:3      | Found a blossoming altar of Fedhas.
  1518 | D:3      | Became a worshipper of Elyvilon the Healer
  2181 | D:3      | Reached XP level 5. HP: 49/52 MP: 4/4
  2673 | D:4      | Found a staircase to the Ecumenical Temple.
  2913 | D:4      | Reached XP level 6. HP: 27/61 MP: 5/5
  3034 | D:4      | Slain by an ogre

Vault maps used:
D:1:      roderic_chinese_lattice_arrival
D:3:      grunt_temple_overflow_open, serial_bayou_lake_a
D:4:      nemelex_xobeh_ov_fountains_minmay, temple_green, serial_forest,
          infiniplex_forest_lined_room_3, infiniplex_forest_clump_tiny,
          infiniplex_forest_end_3, infiniplex_forest_end_2,
          infiniplex_forest_straight_1, infiniplex_forest_straight_5,
          infiniplex_forest_end_2, infiniplex_forest_clump_medium,
          infiniplex_forest_end_3, first_bread, minivault_11

Skill      XL: |  1  2  3  4  5 |
---------------+----------------+-----
Shields        | 3 |  3.8
Short Blades   | 1 2 |  2.5
Dodging        | 3 |  3.3
Fighting       | 3 |  3.1
Unarmed Combat | |  2.2

Action                   |  1- 3 |  4- 6 || total
-------------------------+-------+-------++-------
Melee: Unarmed           |     6 |       ||     6
       Dagger            |    88 |   658 ||   746
  Use: Potion            |       |     1 ||     1
 Stab: Sleeping          |       |     1 ||     1
  Eat: Chunk             |    14 |    14 ||    28
       Bread ration      |       |     1 ||     1
       Fruit             |       |     1 ||     1
Armor: Robe              |    22 |    42 ||    64
Dodge: Dodged            |    27 |    49 ||    76
Block: Shield            |    41 |    76 ||   117
